 Dungeon Crawl Stone Soup version 0.28.0-53-g5a82cb258f (webtiles) character file.

Game seed: 17982972272228296628

492 DemonSlayer the Firebug (level 6, 0/42 HPs)
             Began as a Demonspawn Fire Elementalist on Aug 6, 2022.
             Slain by a river rat (4 damage)
             ... on level 5 of the Dungeon.
             The game lasted 00:07:29 (5959 turns).

DemonSlayer the Firebug (DsFE)                      Turns: 5959, Time: 00:07:29

Health: 0/42       AC:  2    Str:  7 (8)  XL:     6   Next: 91%
Magic:  2/13       EV: 17    Int: 16 (19) God:
Gold:   184        SH:  0    Dex: 17 (19) Spells: 4/14 levels left

rFire   . . .      SeeInvis .   i - +2 short sword
rCold   . . .      Faith    .   (no shield)
rNeg    . . .      Spirit   .   a - +0 robe
rPois   .          Reflect  .   (helmet restricted)
rElec   .          Harm     .   (no cloak)
rCorr   .          Rampage  .   (no gloves)
Will    .....                   (no boots)
Stlth   +.........              d - amulet of the acrobat
HPRegen 0.14/turn               j - +6 ring of dexterity
MPRegen 0.13/turn               (no ring)

@: agile, attractive, very slow
A: horns 2, foul stench 1, powered by pain 2
a: no special abilities


You were on level 5 of the Dungeon.
You visited 1 branch of the dungeon, and saw 5 of its levels.

You collected 184 gold pieces.

Inventory:

Hand Weapons
 i - a +2 short sword (weapon)
Missiles
 k - 5 curare-tipped darts
 n - 2 silver boomerangs
Armour
 a - a +0 robe (worn)
Jewellery
 d - an amulet of the acrobat (around neck)
 j - a +6 ring of dexterity (left hand)
Wands
 c - a wand of flame (25)
 o - a wand of iceblast (11)
Scrolls
 f - a scroll of teleportation
Potions
 e - a potion of magic
 h - 3 potions of flight
 l - a potion of degeneration
 m - a potion of might {unknown}
 p - a potion of brilliance {unknown}


   Skills:
 + Level 0.6 Fighting
 + Level 1.1 Short Blades
 + Level 0.3 Throwing
 + Level 1.9 Dodging
 + Level 2.4 Stealth
 + Level 4.6 Spellcasting
 + Level 2.2 Conjurations
 + Level 4.6 Fire Magic


You had 4 spell levels left.
You knew the following spells:

 Your Spells              Type           Power      Damage    Failure   Level
a - Foxfire               Conj/Fire      56%        2x1d6     3%          1
b - Scorch                Fire           36%        2d6       3%          2
c - Conjure Flame         Conj/Fire      14%        6-21      12%         3
d - Flame Wave            Conj/Fire      14%        2d6       36%         4

Your spell library contained the following spells:

 Spells                   Type           Power      Damage    Failure   Level
 Inner Flame              Hex/Fire       11%        N/A       19%         3


Dungeon Overview and Level Annotations

Branches:
Dungeon (5/15)             Temple (0/1) D:4

Altars:


Innate Abilities, Weirdness & Mutations

You have a pair of horns on your head.
You may rarely emit foul miasma when damaged in melee.
You sometimes gain power by taking damage.


Message History

You kill the rat!
You can't see any susceptible monsters within range! (Use Z to cast anyway.)
You can't see any susceptible monsters within range! (Use Z to cast anyway.)
You can't see any susceptible monsters within range! (Use Z to cast anyway.)
A worm comes into view.
You are engulfed in a cloud of scalding steam.
Flames lash the worm.
The worm is moderately wounded.
The worm's fire resistance burns away.
Flames lash the worm.
The worm is burned terribly!
You kill the worm!
Flames lash the river rat but do no damage.
The river rat is engulfed in a cloud of scalding steam.
You don't have enough magic to cast this spell.
You don't have enough magic to cast this spell.
You don't have enough magic to cast this spell.
You don't have enough magic to cast this spell.
You don't have enough magic to cast this spell.
You don't have enough magic to cast this spell.
You are engulfed in a cloud of scalding steam.
* * * LOW HITPOINT WARNING * * *
The river rat misses you.
You see here a worm corpse.
Your unstable footing causes you to fumble your attack.
You hear the brisk rusting of a drain.
The river rat closely misses you.
You closely miss the river rat. Your headbutt misses the river rat.
The river rat is severely wounded.
The river rat bites you!
* * * LOW HITPOINT WARNING * * *
You focus on the pain.
You feel agile all of a sudden.
It was a potion of degeneration.
There was something very wrong with that liquid.
You feel weakened.
You feel dopey.
You feel clumsy. The river rat barely misses you.
It was a potion of attraction.
You feel attractive to monsters. The river rat bites you.
You die...

###### ###....##
........#####*##****
###.#...#≈≈≈#≈≈≈≈≈≈*
.......≈#≈#≈#≈#**##*
#####..≈#≈#≈#§#≈≈≈≈****
...†..≈≈≈≈#≈≈≈≈r#*≈*,,*
#####..≈#≈#≈########*,*
.#*#...≈≈≈#≈†≈≈r@≈≈#*,*****
.#......#≈#######≈##,,,,,,*
.##....≈≈≈#∩≈≈≈≈≈≈#**,***,*
........≈≈#******##**,* *,*
............,,,,,,,,,,* *,*
............,,*,,,,*,,* *,*
.............,*,,,,*,,* *,*
,,,,,,,,,,,,,,*,,,**,,***,*
,,,,,,,,,,,,,,*,,,,,,,,,,,*


You could see a river rat.

Vanquished Creatures
  2 black bears
  A water moccasin skeleton (D:4)
  A howler monkey (D:4)
  2 hounds (D:4)
  A howler monkey skeleton (D:4)
  7 adders
  4 worms
  2 dart slugs
  An orc (D:3)
  12 endoplasms
  3 giant cockroaches
  6 goblins
  4 hobgoblins
  4 jackals (D:1)
  A quokka (D:2)
  4 ball pythons
  7 bats
  4 frilled lizards
  8 kobolds
  7 rats
81 creatures vanquished.

Vanquished Creatures (others)
  111 foxfires
111 creatures vanquished.

Grand Total: 192 creatures vanquished

Notes
Turn   | Place    | Note
-------+----------+-------------------------------------------
     0 | D:1      | DemonSlayer the Demonspawn Fire Elementalist began the
                  | quest for the Orb.
     0 | D:1      | Reached XP level 1. HP: 13/13 MP: 3/3
   362 | D:1      | Found a faded altar of an unknown god.
   496 | D:1      | Gained mutation: You sometimes gain a little power by
                  | taking damage. [demonic ancestry]
   496 | D:1      | Reached XP level 2. HP: 14/19 MP: 5/5
   499 | D:1      | Learned a level 2 spell: Scorch
  1556 | D:1      | Gained mutation: You may rarely emit foul miasma when
                  | damaged in melee. [demonic ancestry]
  1556 | D:1      | Reached XP level 3. HP: 19/24 MP: 0/6
  1702 | D:1      | Learned a level 3 spell: Conjure Flame
  2130 | D:2      | Noticed a black bear
  2136 | D:2      | Killed a black bear
  2137 | D:2      | Reached skill level 1 in Short Blades
  2137 | D:2      | Gained mutation: You have a pair of small horns on your
                  | head. [demonic ancestry]
  2137 | D:2      | Reached XP level 4. HP: 21/31 MP: 6/8
  2243 | D:2      | Gained mutation: You have a pair of horns on your head.
                  | [demonic ancestry]
  2243 | D:2      | Reached XP level 5. HP: 36/36 MP: 4/9
  3101 | D:2      | Learned a level 4 spell: Flame Wave
  4718 | D:4      | Noticed a black bear
  4725 | D:4      | Gained mutation: You sometimes gain power by taking damage.
                  | [demonic ancestry]
  4725 | D:4      | Reached XP level 6. HP: 39/42 MP: 10/12
  5139 | D:4      | Found a staircase to the Ecumenical Temple.
  5535 | D:5      | Entered Level 5 of the Dungeon
  5959 | D:5      | Slain by a river rat

Illustrated notes

Levels and vault maps discovered:
D:1:      nzn_arrival_settlement, layout_basic,
          hellmonk_ecumenical_altar_slurped_away
D:2:      layout_loops_corners
D:3:      layout_basic
D:4:      layout_loops_ring, minmay_temple_entry_antechambers
D:5:      layout_basic, lightli_sewer_entry_pipes, minmay_starry_boxes

Skill      XL: |  1  2  3  4  5  6 |
---------------+-------------------+-----
Fire Magic     | 3 4 |  4.6
Stealth        | 2 |  2.4
Short Blades   | 1 |  1.1
Spellcasting   | 3 4 |  4.6
Conjurations   | 2 |  2.2
Fighting       | |  0.6
Throwing       | |  0.3
Dodging        | |  1.9

Action                   |  1- 3 |  4- 6 || total
-------------------------+-------+-------++-------
Melee: Short sword       |    39 |    19 ||    58
       Unarmed           |     3 |       ||     3
       Headbutt          |       |     6 ||     6
Throw: Dart              |     3 |     3 ||     6
 Cast: Foxfire           |    74 |       ||    74
       Scorch            |       |    71 ||    71
  Use: Scroll            |       |     9 ||     9
       Potion            |       |     2 ||     2
 Stab: Sleeping          |     2 |       ||     2
Armor: Robe              |     4 |     6 ||    10
Dodge: Dodged            |    43 |    30 ||    73
